AoeStats
← liquidcortex

Arabia

506480747Analyzed
3v3 RM · 19d ago on Sep 13, 2026· 43m 41s· 6 players
Game mode
Random Map
Map size
Normal (6 player)
Population
200
Speed
Normal
Resources
Standard
Victory
Conquest
Starting age
Dark Age
Ending age
Imperial Age
RankedLock teamsTeams togetherTeam positionsShared explorationLock speedFull tech treeHidden civsTurbo modeCheats
Victory
Defeat
🇩🇪 Spanish · Germany
906
+26
🇩🇪 Franks · Germany
812
+16
🇩🇪 Goths · Germany
746
+30
🇫🇷 Byzantines · France
840
-17
🇨🇳 Franks · China
818
-16
🇫🇷 Tatars · France
799
-15
山猪佩奇y
11:37 Feudal Age
12:18 Double-Bit Axe
13:11 Wheelbarrow
18:29 Castle Age
16:34 Gold Mining
16:56 Stone Mining
20:16 Hand Cart
20:16 Bow Saw
20:43 Gold Shaft Mining
29:32 Imperial Age
Pouni
11:51 Feudal Age
12:57 Double-Bit Axe
19:37 Castle Age
18:01 Man-at-Arms
18:40 Loom
19:39 Wheelbarrow
18:52 Town Watch
21:35 Forging
21:16 Fletching
21:27 Padded Archer Armor
24:51 Horse Collar
26:00 Iron Casting
26:41 Husbandry
28:04 Bloodlines
28:48 Scale Barding Armor
32:36 Bodkin Arrow
32:57 Leather Archer Armor
34:02 Ballistics
33:41 Murder Holes
35:48 Town Patrol
39:54 Silk Armor
augustin.renard
0:29 Loom
10:49 Feudal Age
11:25 Double-Bit Axe
14:34 Wheelbarrow
18:47 Horse Collar
24:57 Fletching
28:01 Castle Age
27:59 Forging
27:51 Scale Mail Armor
28:07 Gold Mining
29:22 Iron Casting
28:59 Bodkin Arrow
29:23 Hand Cart
29:55 Pikeman
30:38 Squires
34:20 Chain Mail Armor
Snowbird2610
8:58 Loom
12:19 Feudal Age
14:18 Double-Bit Axe
19:23 Castle Age
17:18 Gold Mining
18:38 Fletching
18:51 Stone Mining
20:28 Husbandry
20:37 Scale Barding Armor
20:59 Bow Saw
23:33 Chain Barding Armor
23:24 Forging
26:24 Gold Shaft Mining
33:04 Iron Casting
32:25 Bodkin Arrow
36:31 Imperial Age
37:25 Elite Throwing Axeman
38:26 Conscription
38:28 Cavalier
38:36 Cavalier
40:08 Scale Mail Armor
41:08 Blast Furnace
40:44 Plate Barding Armor
40:46 Paladin
42:15 Wheelbarrow
42:06 Ballistics
41:43 Murder Holes
41:32 Capped Ram
42:37 #83
43:57 Chain Mail Armor
44:01 Hand Cart
maxi_king
3:28 Loom
13:01 Feudal Age
17:40 Castle Age
17:29 Bloodlines
17:32 Scale Barding Armor
17:20 Horse Collar
18:23 Double-Bit Axe
23:11 Husbandry
24:01 Bow Saw
31:00 Wheelbarrow
36:31 Imperial Age
36:15 Ballistics
37:20 Capped Ram
40:45 Two-Man Saw
39:47 Heavy Plow
40:35 Elite Conquistador
liquidcortex
1:32 Loom
11:08 Feudal Age
12:33 Wheelbarrow
13:26 Man-at-Arms
14:28 Double-Bit Axe
18:25 Horse Collar
21:21 Castle Age
21:47 Forging
22:05 Heavy Plow
24:42 Iron Casting
24:55 Hand Cart
26:00 Bow Saw
26:38 Stone Mining
27:59 Long Swordsman
28:41 Squires
33:58 Scale Mail Armor
36:04 Gold Mining
39:09 Pikeman
41:17 Stone Shaft Mining
41:22 Chain Mail Armor
Connection lost

Rejoining the realm…

Still unreachable

The connection could not be restored.

Session expired

The server has moved on; the page needs a fresh start.